 Dungeon Crawl Stone Soup version 0.28.0 (webtiles) character file.

Game seed: 9826613678838905988

539800 hikkokomori the Slayer (level 27, -17/219 (231) HPs)
             Began as a Formicid Fighter on Feb 12, 2022.
             Was the Champion of Zin.
             Killed from afar by a purple draconian (45 damage)
             ... with a bolt of dispelling energy
             ... created by the fury of Okawaru
             ... on level 2 of the Realm of Zot on Feb 13, 2022.
             The game lasted 05:02:06 (75004 turns).

hikkokomori the Slayer (Formicid Fighter)          Turns: 75004, Time: 05:02:06

HP:   -17/219 (231) AC: 47    Str: 33    XL:     27
MP:   34/34         EV: 18    Int: 13    God:    Zin [******]
Gold: 2255          SH: 30    Dex: 12    Spells: 21/26 levels left

rFire   + + +      SeeInvis +   s - +9 executioner's axe (flame)
rCold   + + +      Faith    .   Q - +7 tower shield "Xeostrao" {Drain rF+++ SInv Stlth+, OrbBreaker}
rNeg    . . .      Spirit   .   W - +13 crystal plate armour of Ufiopoz {Int+4}
rPois   .          Reflect  +   (helmet unavailable)
rElec   +          Harm     .   K - scarf {repulsion}
rCorr   +          Rampage  ∞   g - +1 pair of gloves of the Jackalope {rElec rF- rC+}
Will    ++...                   D - +3 pair of seven-league boots {Rampage+∞}
Stlth   ..........              l - amulet of reflection
HPRegen 0.46/turn               Z - ring "Okiyf" {rF+ rC++ rCorr Str+3 Int-2}
MPRegen 0.24/turn               U - ring of the Hare {EV+8}

@: on recite cooldown, drained, repel missiles
A: permanent stasis, dig shafts and tunnels, antennae 3, four strong arms
}: 3/15 runes: serpentine, barnacled, slimy
a: Dig, Shaft Self, Renounce Religion, Recite, Vitalisation, Imprison,
Sanctuary, Donate Gold


You were on level 2 of the Realm of Zot.
You worshipped Zin.
Zin was exalted by your worship.
You visited 13 branches of the dungeon, and saw 53 of its levels.
You visited the Abyss 2 times.
You visited 2 bazaars.
You also visited: Sewer, Bailey and Gauntlet.

You collected 5757 gold pieces.
You spent 1488 gold pieces at shops.
You donated 2014 gold pieces to Zin.

Inventory:

Hand Weapons
 a - a +3 great mace of protection
 b - the +3 trident "Rec Jivanesa" {vorpal, rC+ Str+5 SInv}
   (You found it on level 3 of the Elven Halls)

   It inflicts extra damage upon your enemies.
   Str:       It affects your strength (+5).
   rC:        It protects you from cold.
   SInv:      It lets you see invisible.
 f - a +3 battleaxe of electrocution
 o - the +9 heavy crossbow "Sniper" {vorpal, Acc+∞ SInv}
   (You found it on level 3 of the Depths)

   Any ammunition fired from it inflicts extra damage upon your enemies.
   Any ammunition fired from it never misses its target.
   SInv:      It lets you see invisible.
 s - a +9 executioner's axe of flaming (weapon)
 F - a +2 arbalest of freezing
 I - a +4 broad axe of holy wrath
 S - the +0 quarterstaff "Pec Witz" {antimagic, Fly Int+4 Dex-5}
   (Okawaru gifted it to you on level 2 of the Vaults)

   It reduces the magical energy of the wielder, and disrupts the spells and
   magical abilities of those it strikes.
   Natural abilities and divine invocations are not affected.
   Int:       It affects your intelligence (+4).
   Dex:       It affects your dexterity (-5).
   Fly:       It grants you flight.
Missiles
 j - 29 silver javelins
 p - 1099 bolts
 G - 11 throwing nets
 H - 46 atropa-tipped darts
 P - 3 curare-tipped darts
Armour
 g - the +1 pair of gloves of the Jackalope (worn) {rElec rF- rC+}
   (You bought it in a shop on level 2 of the Orcish Mines)

   rF:        It makes you vulnerable to fire.
   rC:        It protects you from cold.
   rElec:     It insulates you from electricity.
 x - +1 shadow dragon scales
 D - the +3 pair of seven-league boots (worn) {Rampage+∞}
   (You found it on level 14 of the Dungeon)

   Its wearer moves as far as possible in that direction when moving towards
   enemies.
 E - +8 gold dragon scales
 K - a scarf of repulsion (worn)
 Q - the +7 tower shield "Xeostrao" (worn) {Drain rF+++ SInv Stlth+, OrbBreaker}
   (Okawaru gifted it to you on level 9 of the Dungeon)

   rF:        It renders you almost immune to fire.
   SInv:      It lets you see invisible.
   Drain:     It drains your maximum health when unequipped.
   Stlth:     It makes you more stealthy.
 W - the +13 crystal plate armour of Ufiopoz (worn) {Int+4}
   (You found it on level 5 of the Pits of Slime)

   Int:       It affects your intelligence (+4).
Jewellery
 l - an amulet of reflection (around neck)
 t - a ring of willpower
 z - an amulet of regeneration
 L - the ring of the Stallion {Fire rPois rN+ rCorr Str-5}
   (You found it in a Gauntlet)

   [ring of fire]

   It enhances your fire magic.
   Str:       It affects your strength (-5).
   rF:        It protects you from fire.
   rC:        It makes you vulnerable to cold.
   rPois:     It protects you from poison.
   rN:        It protects you from negative energy.
   rCorr:     It protects you from acid and corrosion.
 N - the ring "Seixeif" {Ice rCorr}
   (You took it off a deep elf demonologist on level 3 of the Elven Halls)

   [ring of ice]

   It enhances your ice magic.
   rF:        It makes you vulnerable to fire.
   rC:        It protects you from cold.
   rCorr:     It protects you from acid and corrosion.
 O - the ring of Ziczus {rC+ rN+}
   (You found it on level 4 of the Depths)

   [ring of positive energy]

   rC:        It protects you from cold.
   rN:        It protects you from negative energy.
 U - the ring of the Hare (right hand) {EV+8}
   (You took it off a minotaur in a Gauntlet)

   [ring of evasion]

   EV:        It affects your evasion (+8).
 Z - the ring "Okiyf" (left hand) {rF+ rC++ rCorr Str+3 Int-2}
   (You found it on level 1 of the Realm of Zot)

   [ring of protection from fire]

   Str:       It affects your strength (+3).
   Int:       It affects your intelligence (-2).
   rF:        It protects you from fire.
   rC:        It greatly protects you from cold.
   rCorr:     It protects you from acid and corrosion.
Wands
 h - a wand of digging (3)
 u - a wand of acid (6)
 V - a wand of iceblast (26)
Scrolls
 c - 2 scrolls of magic mapping
 m - a scroll of silence
 n - 6 scrolls of holy word
 v - 4 scrolls of immolation
 y - 5 scrolls of torment
 B - 5 scrolls of fear
 J - 5 scrolls of fog
Potions
 d - 8 potions of might
 e - 5 potions of flight
 k - 4 potions of mutation
 q - 3 potions of heal wounds
 r - 3 potions of invisibility
 w - 5 potions of ambrosia
 A - 2 potions of resistance
 M - 4 potions of magic
 R - 9 potions of lignification
 T - 3 potions of curing
Miscellaneous
 i - a phial of floods
 C - a lightning rod (4/4)
 X - a condenser vane
 Y - a tin of tremorstones (2/2)


   Skills:
 - Level 22.2 Fighting
 * Level 18.4(20.4) Axes
 - Level 15.1(18.9) Maces & Flails
 - Level 2.3(10.1) Staves
 + Level 13.2 Crossbows
 - Level 5.0 Throwing
 - Level 20.1 Armour
 - Level 12.8 Dodging
 - Level 10.2 Stealth
 - Level 15.3 Shields
 + Level 5.6 Hexes
 + Level 5.7 Earth Magic
 - Level 15.2 Invocations
 - Level 12.0 Evocations


You had 21 spell levels left.
You knew the following spells:

 Your Spells              Type           Power      Damage    Failure   Level
a - Passwall              Tmut/Erth      5%         N/A       97%         2
b - Portal Projectile     Hex/Tloc       14%        N/A       99%         3

Your spell library contained the following spells:

 Spells                   Type           Power      Damage    Failure   Level
 Sandblast                Erth           28%        2d8       54%         1
 Confusing Touch          Hex            14%        N/A       89%         3
 Ensorcelled Hibernation  Hex/Ice        14%        N/A       97%         2
 Dazzling Flash           Conj/Hex       14%        N/A       99%         3
 Stone Arrow              Conj/Erth      14%        3d7       99%         3
 Animate Skeleton         Necr           0%         N/A       100%        1
 Apportation              Tloc           0%         N/A       100%        1
 Magic Dart               Conj           0%         1d3       100%        1
 Pain                     Necr           0%         1d4       100%        1
 Corpse Rot               Necr/Air       0%         N/A       100%        2
 Poisonous Vapours        Pois/Air       0%         N/A       100%        2
 Scorch                   Fire           0%         2d5       100%        2
 Searing Ray              Conj           0%         2d4       100%        2
 Static Discharge         Conj/Air       0%         N/A       100%        2
 Call Canine Familiar     Summ           0%         N/A       100%        3
 Conjure Flame            Conj/Fire      0%         6-21      100%        3
 Frozen Ramparts          Ice            0%         1d2       100%        3
 Gell's Gravitas          Tloc           0%         N/A       100%        3
 Ignite Poison            Fire/Tmut/Pois 0%         N/A       100%        3
 Lesser Beckoning         Tloc           0%         N/A       100%        3
 Mephitic Cloud           Conj/Pois/Air  0%         N/A       100%        3
 Ozocubu's Armour         Ice            0%         N/A       100%        3
 Spider Form              Tmut/Pois      0%         N/A       100%        3
 Teleport Other           Tloc           0%         N/A       100%        3
 Airstrike                Air            0%         N/A       100%        4
 Anguish                  Hex/Necr       3%         N/A       100%        4
 Animate Armour           Summ/Erth      14%        N/A       100%        4
 Dispel Undead            Necr           0%         3d6       100%        4
 Flame Wave               Conj/Fire      0%         2d4       100%        4
 Fulminant Prism          Conj/Hex       3%         3d6       100%        4
 Hailstorm                Conj/Ice       0%         3d3       100%        4
 Ice Form                 Ice/Tmut       0%         N/A       100%        4
 Iskenderun's Mystic Bla  Conj/Tloc      0%         2d3       100%        4
 Leda's Liquefaction      Hex/Erth       7%         N/A       100%        4
 Sticky Flame             Conj/Fire      0%         2d3       100%        4
 Summon Ice Beast         Ice/Summ       0%         N/A       100%        4
 Summon Lightning Spire   Summ/Air       0%         N/A       100%        4
 Agony                    Necr           0%         N/A       100%        5
 Alistair's Intoxication  Tmut/Pois      0%         N/A       100%        5
 Blade Hands              Tmut           0%         N/A       100%        5
 Excruciating Wounds      Necr           0%         N/A       100%        5
 Fireball                 Conj/Fire      0%         3d3       100%        5
 Freezing Cloud           Conj/Ice/Air   0%         6-21      100%        5
 Irradiate                Conj/Tmut      0%         3d14      100%        5
 Lee's Rapid Deconstruct  Erth           7%         3d7*      100%        5
 Lightning Bolt           Conj/Air       0%         1d11      100%        5
 Manifold Assault         Tloc           0%         N/A       100%        5
 Metabolic Englaciation   Hex/Ice        3%         N/A       100%        5
 Silence                  Hex/Air        3%         N/A       100%        5
 Summon Forest            Summ/Tloc      0%         N/A       100%        5
 Yara's Violent Unravell  Hex/Tmut       3%         3d4       100%        5
 Dispersal                Tloc           0%         N/A       100%        6
 Eringya's Noxious Bog    Tmut/Pois      0%         N/A       100%        6
 Iron Shot                Conj/Erth      3%         9d2       100%        6
 Simulacrum               Ice/Necr       0%         N/A       100%        6
 Starburst                Conj/Fire      0%         6d3       100%        6
 Statue Form              Tmut/Erth      4%         N/A       100%        6
 Summon Cactus Giant      Summ           0%         N/A       100%        6
 Enfeeble                 Hex            7%         N/A       100%        7
 Ozocubu's Refrigeration  Ice            0%         4d5       100%        7
 Spellforged Servitor     Conj/Summ      0%         N/A       100%        7
 Summon Hydra             Summ           0%         N/A       100%        7
 Infestation              Necr           0%         N/A       100%        8
 Lehudib's Crystal Spear  Conj/Erth      3%         10d3      100%        8
 Maxwell's Capacitive Co  Air            0%         ∞         100%        8
 Fire Storm               Conj/Fire      0%         5d1       100%        9
 Polar Vortex             Ice            0%         N/A       100%        9
 Shatter                  Erth           7%         3d9*      100%        9
 Blink                    Tloc           Unusable   N/A       N/A         2

Dungeon Overview and Level Annotations

Branches:
Dungeon (15/15)            Temple (1/1) D:5            Lair (6/6) D:8
 Shoals (4/4) Lair:2        Snake (4/4) Lair:2        Slime (5/5) Lair:5
    Orc (2/2) D:10            Elf (3/3) Orc:2        Vaults (4/5) D:13
  Crypt (2/3) Vaults:2     Depths (4/4) D:15           Hell (visited)
    Dis (0/7) Hell            Geh (0/7) Hell            Coc (0/7) Hell
    Tar (0/7) Hell            Zot (2/5) Depths:4      Sewer (visited)
 Bailey (visited)         Gauntlet (visited)

Altars:
Ashenzari
Cheibriados
Dithmenos
Elyvilon
Fedhas
Gozag
Hepliaklqana
Kikubaaqudgha
Makhleb
Nemelex Xobeh
Okawaru
Qazlal
Ru
Sif Muna
Trog
Uskayaw
Vehumet
Wu Jian
Xom
Yredelemnul
Zin
The Shining One
Jiyva

Shops:
D:2 [*[   Orc:2 *[:(   Shoals:1 *   Shoals:3 (   Snake:1 (   Snake:2 [
Snake:3 [*   Snake:4 ::=   Vaults:3 [

Portals:
Hell: Depths:2 Depths:3 Depths:4
Abyss: Depths:2 Depths:3
Pandemonium: Depths:2 Depths:4
Ziggurat: Depths:3


Innate Abilities, Weirdness & Mutations

You cannot be hasted, slowed, berserked, paralysed or teleported.
You can dig through walls and to a lower floor.
You have a pair of large antennae on your head. (SInv)
Your four strong arms can wield two-handed weapons with a shield.


Message History

The bolt of lightning hits you! You resist.
* * * LOW HITPOINT WARNING * * *
You block the titan's attack.
The deep elf pyromancer casts a spell.
The deep elf pyromancer blinks!
The deep elf archer shoots an arrow.
You reflect the arrow off an invisible shield around you!
The arrow misses the deep elf archer.
The purple draconian closely misses you.
You slash the titan! You burn the titan.
The titan is almost dead.
You slice the titan!! You burn the titan.
You hit the purple draconian but do no damage.
You carve the deep elf archer like a ham!!!
You burn the deep elf archer. You block the titan's attack.
The titan gestures wildly while chanting.
The titan is healed somewhat.
The deep elf pyromancer gestures wildly while chanting.
The deep elf archer shoots an arrow.
You reflect the arrow off an invisible shield around you!
The arrow barely misses the deep elf archer.
The deep elf archer unwields a +0 shortbow.
The deep elf archer wields a +0 short sword.
The deep elf archer barely misses you. The purple draconian misses you.
The deep elf archer unwields a +0 dagger.
The deep elf archer wields a +0 shortbow.
The deep elf archer shoots an arrow.
The arrow completely misses you.
The titan gestures wildly while chanting.
The titan is healed somewhat.
You chop the titan into pieces!!! You burn the titan!!
You kill the titan!
That felt strangely unrewarding.
You barely miss the purple draconian. You slice the titan!! You burn the titan.
You slice the deep elf archer!! You burn the deep elf archer.
You kill the deep elf archer!
That felt strangely unrewarding.
The deep elf pyromancer casts a spell.
The deep elf pyromancer blinks!
The purple draconian breathes dispelling energy at you.
The bolt of dispelling energy hits you!!!
You die...

.# .## ..#########..####
#....E............
#.##§............. #.#
#..###......###. #.#
#..#.#......#q#..#
##.###..#.#......###..#
#...##.e..@.C>......?.##
#...##...eCd..>........#
#...##.).!$..>.........#
##......###......###...#
##.....e#).......#)#...#
#.......###......##.)..#
#)[.#..................#
#.).#..................####
##)###################.....


You could see a titan, a frost giant, a purple draconian (catching breath), 2
deep elf archers, a deep elf pyromancer and a fire elemental (summoned).

Vanquished Creatures
  the Royal Jelly (Arena)
  2 dread liches (Zot:1)
  2 juggernauts (Depths:2)
  Sojobo (Arena)
  Xtahua (Arena)
  7 golden dragons
  Geryon (Hell)
  A curse toe (Zot:2)
  The ghost of TPoD the Slayer, an adept HOMo of Beogh (Vaults:4)
  the Enchantress (Arena)
  2 electric golems
  Rupert (Lair:3)
  12 tentacled monstrosities
  A tainted leviathan (Hell)
  2 walking earthen tomes (Depths:3)
  2 liches
  3 quicksilver dragons
  A walking divine tome (Depths:4)
  5 titans
  18 acid blobs
  3 deep elf master archers
  3 deep elf blademasters
  4 death cobs
  Frances (D:12)
  A kraken (Shoals:3)
  3 tentacled starspawn (Abyss:2)
  8 sphinxes
  2 shadow dragons
  11 rockslimes
  8 storm dragons
  18 frost giants
  9 vault wardens
  6 tengu reavers
  2 draconian knights
  9 fire giants
  An emperor scorpion (D:15)
  3 nagarajas (Snake:4)
  Ilsuiw (Shoals:3)
  3 orc warlords
  An iron dragon (Depths:4)
  2 revenants
  11 azure jellies
  4 draconian scorchers
  7 deep elf sorcerers
  A curse skull (Crypt:1)
  A ghost moth (Zot:2)
  The ghost of Strat the Severer, a journeyman DDFi of Makhleb (D:12)
  A draconian shifter (Zot:2)
  8 reapers
  2 draconian stormcallers
  7 spriggan defenders
  2 deep elf elementalists (Elf:3)
  15 very ugly things
  11 ghouls
  8 quicksilver oozes
  11 ironbound preservers
  2 draconian annihilators
  11 stone giants
  7 ironbound thunderhulks
  11 vampire knights
  A war gargoyle (Vaults:4)
  A black draconian (Depths:4)
  3 putrid mouths (Hell)
  6 deep elf demonologists
  2 green draconians
  20 dire elephants
  An eleionoma (shapeshifter) (Gauntlet)
  2 minotaurs
  An entropy weaver (Vaults:2)
  8 deep elf annihilators
  5 purple draconians
  3 red draconians
  2 yellow draconians
  3 eidola (Crypt:1)
  2 spark wasps (Depths:3)
  2 merfolk javelineers
  7 white draconians
  9 ettins
  11 deep elf death magi
  A crystal guardian (Vaults:4)
  6 deep elf high priests
  3 fire dragons
  3 jiangshi (Crypt:1)
  Josephine (Lair:4)
  3 blizzard demons (Depths:3)
  9 merfolk impalers
  6 great orbs of eyes
  4 vault guards
  15 naga warriors
  2 peacekeepers
  3 merfolk avatars (Shoals:1)
  7 yaktaur captains
  3 spriggan air magi
  4 boulder beetles
  A hell beast (Hell)
  4 salamander tyrants
  5 ice dragons
  2 catoblepae
  7 ironbound frosthearts
  10 satyrs (Shoals:4)
  7 hydras
  2 alligator snapping turtles
  2 ogre magi
  33 dancing weapons
  12 centaur warriors
  5 death yaks
  12 two-headed ogres
  11 anacondas
  5 death knights
  6 orc high priests
  5 vampire magi
  3 deep troll shamans
  The ghost of pkoi the Cleaver, a novice MiGl of Hepliaklqana (D:9)
  2 deep troll earth magi
  2 hell hogs (Hell)
  Urug (Lair:6)
  A thrashing horror (Abyss:2)
  3 tengu warriors
  7 shock serpents
  16 naga sharpshooters
  6 spriggan berserkers
  12 hell knights
  9 sun demons
  A shadow wraith (D:12)
  6 soul eaters
  A storm dragon zombie (Depths:3)
  6 salamander mystics
  A golden dragon zombie (Depths:3)
  A spark wasp zombie (Depths:1)
  9 sea snakes
  A spatial maelstrom (Abyss:2)
  2 iron trolls (Depths:3)
  18 skeletal warriors
  25 deep elf knights
  A death drake (Gauntlet)
  29 deep trolls
  A spectral anaconda (Lair:6)
  3 flayed ghosts
  10 naga ritualists
  12 necromancers
  14 ironbound convokers
  A spriggan simulacrum (Hell)
  3 glowing orange brains
  15 deep elf archers
  A shadow demon (Depths:2)
  An obsidian statue (Arena)
  A golden dragon skeleton (Depths:2)
  10 phantasmal warriors
  18 harpies
  9 orc knights
  4 lindwurms
  7 wizards
  A wolf spider zombie (Gauntlet)
  11 mana vipers
  30 deep elf zephyrmancers
  A mana viper (shapeshifter) (D:15)
  A fire giant zombie (Depths:1)
  8 orc sorcerers
  35 deep elf pyromancers
  An iron dragon zombie (Depths:2)
  15 manticores
  37 ugly things
  A frost giant zombie (Depths:2)
  7 shining eyes
  6 cyclopes
  A worldbinder (Abyss:2)
  11 fauns
  3 spectral centaurs
  16 elephants
  7 merfolk sirens
  14 salamanders
  2 fire giant skeletons
  11 naga magi
  6 moths of wrath
  2 dire elephant zombies
  2 stone giant skeletons
  4 eyes of devastation
  A torpor snail (shapeshifter) (Depths:4)
  4 guardian serpents
  4 smoke demons
  15 vault sentinels
  7 molten gargoyles (Hell)
  A rust devil (Depths:2)
  7 water nymphs
  A water nymph (shapeshifter) (Gauntlet)
  48 black mambas
  A gargoyle (D:13)
  A cane toad (shapeshifter) (D:13)
  A black mamba (shapeshifter) (Depths:2)
  A dire elephant skeleton (Crypt:1)
  2 torpor snails
  17 cane toads
  3 unseen horrors
  2 orange demons (Depths:2)
  4 rime drakes
  A demonic crawler (Hell)
  2 hellions (Hell)
  35 yaktaurs
  4 ice devils
  5 tengu conjurers
  A tormentor (Abyss:2)
  5 komodo dragons
  Psyche (D:8)
  3 kobold demonologists
  4 freezing wraiths
  An ancient zyme (Abyss:2)
  A grey draconian skeleton (Crypt:1)
  3 meliai
  28 merfolk
  A merfolk (shapeshifter) (Depths:3)
  7 trolls
  7 wind drakes
  2 polar bears (Lair:2)
  4 raiju (Abyss:2)
  5 hornets
  10 blink frogs
  93 slime creatures
  Grinder (D:3)
  5 snapping turtles
  6 dream sheep
  6 water elementals
  A culicivora (shapeshifter) (D:15)
  A slime creature (shapeshifter) (Depths:3)
  A shadow (D:15)
  14 spriggans
  A spriggan (shapeshifter) (Gauntlet)
  An air elemental (Elf:1)
  An ettin skeleton (Crypt:1)
  A jumping spider (shapeshifter) (D:14)
  11 wraiths
  3 ynoxinuls
  2 wyverns
  2 vampires
  7 basilisks
  5 fire elementals
  40 yaks
  A chaos spawn (Abyss:2)
  2 neqoxecs
  3 steam dragons
  24 vampire mosquitoes
  A death yak simulacrum (Lair:6)
  A golden eye (Abyss:2)
  A redback (Vaults:2)
  A swamp worm (shapeshifter) (Vaults:3)
  32 nagas
  4 acid dragons
  A harpy simulacrum (Hell)
  2 wargs
  18 water moccasins
  2 human simulacra (Vaults:3)
  A spectral cane toad (Lair:6)
  A water moccasin (shapeshifter) (Elf:1)
  2 floating eyes (shapeshifter)
  44 orc warriors
  3 floating eyes
  3 ice beasts
  Pargi (Sewer)
  A sky beast (Abyss:2)
  An ice beast (shapeshifter) (D:13)
  10 large abominations
  4 black bears
  A black bear (shapeshifter) (D:13)
  3 elephant zombies (Lair:6)
  4 necrophages
  16 centaurs
  An elephant skeleton (Lair:6)
  3 ogres
  A human skeleton (Vaults:3)
  4 kobold brigands
  A palentonga zombie (Crypt:2)
  A rime drake skeleton (Crypt:1)
  9 bullfrogs
  3 elf zombies (Elf:3)
  A wyvern zombie (D:6)
  3 gnoll sergeants
  2 water moccasin zombies
  5 scorpions
  A cane toad simulacrum (Lair:6)
  A cyclops skeleton (Crypt:1)
  A small abomination (Abyss:2)
  15 killer bees
  5 electric eels
  5 howler monkeys
  3 crimson imps (Gauntlet)
  2 quasits (Abyss:2)
  8 centaur zombies
  6 starcursed masses (Abyss:2)
  7 hounds
  An iron imp (Abyss:2)
  13 jellies
  30 orc priests
  A centaur skeleton (D:4)
  4 iguanas
  29 orc wizards
  A killer bee zombie (D:8)
  An ogre zombie (Crypt:1)
  3 hound skeletons (D:4)
  2 howler monkey zombies (D:8)
  11 adders
  13 gnolls
  A howler monkey skeleton (D:2)
  6 river rats (D:9)
  A shadow imp (D:8)
  2 white imps
  An ufetubus (Abyss:2)
  A worm (D:2)
  2 dart slugs
  117 orcs
  7 ball pythons
  11 endoplasms
  7 giant cockroaches
  9 goblins
  12 hobgoblins
  7 jackals
  16 kobolds
  2 quokkas (D:4)
  12 bats
  4 frilled lizards
  A jackal skeleton (Crypt:1)
  20 rats
  A rat skeleton (Crypt:1)
  3 starspawn tentacles (Abyss:2)
  A tentacle (Shoals:3)
2161 creatures vanquished.

Vanquished Creatures (others)
  A deep elf annihilator (Elf:3)
  A fire dragon (Depths:3)
  A rakshasa (D:9)
  A vampire mage (Depths:2)
  A deep elf knight (Elf:2)
  A slime creature (Slime:3)
  4 deep elf pyromancers
  2 deep elf zephyrmancers
  A molten gargoyle (Hell)
  A yaktaur (Vaults:3)
  A naga (Snake:4)
  An orc wizard (D:10)
  An orc (D:10)
  A bush (Lair:5)
  19 fungi
  A pillar of salt (Crypt:1)
  98 plants
  A starspawn tentacle (Abyss:2)
  9 tentacles (Shoals:3)
  17 withered plants (Lair:6)
163 creatures vanquished.

Grand Total: 2324 creatures vanquished

Notes
Turn   | Place    | Note
-------+----------+-------------------------------------------
     0 | D:1      | hikkokomori the Formicid Fighter began the quest for the
                  | Orb.
     0 | D:1      | Reached XP level 1. HP: 18/18 MP: 1/1
    69 | D:1      | Reached XP level 2. HP: 24/24 MP: 2/2
   568 | D:1      | Reached XP level 3. HP: 29/29 MP: 3/3
   977 | D:2      | Found Osoynkei's Antique Armour Shoppe.
  1009 | D:2      | Reached XP level 4. HP: 25/37 MP: 4/4
  1112 | D:2      | Found Fysh's General Store.
  1126 | D:2      | Reached skill level 1 in Maces & Flails
  1272 | D:2      | Reached skill level 4 in Fighting
  1335 | D:2      | Found Veoxem's Antique Armour Boutique.
  1706 | D:2      | Bought a scroll of identify for 22 gold pieces
  1706 | D:2      | Bought a potion of curing for 33 gold pieces
  1942 | D:3      | Noticed Grinder
  1949 | D:3      | Reached XP level 5. HP: 31/42 MP: 5/5
  1960 | D:3      | Killed Grinder
  1961 | D:3      | Reached skill level 5 in Fighting
  1961 | D:3      | Reached skill level 5 in Armour
  1961 | D:3      | Reached XP level 6. HP: 25/51 MP: 6/6
  2935 | D:4      | Reached XP level 7. HP: 52/56 MP: 7/7
  3090 | D:4      | Reached skill level 6 in Fighting
  3227 | D:4      | Found a glowing drain.
  3237 | D:4      | Reached XP level 8. HP: 64/64 MP: 8/8
  3317 | Sewer    | Entered a sewer
  3382 | Sewer    | Noticed Pargi
  3390 | Sewer    | Killed Pargi
  3862 | D:5      | Entered Level 5 of the Dungeon
  3880 | D:5      | Found a staircase to the Ecumenical Temple.
  3907 | Temple   | Entered the Ecumenical Temple
  4010 | Temple   | Became a worshipper of Warmaster Okawaru
  4285 | D:5      | Reached skill level 5 in Maces & Flails
  4296 | D:5      | Found a broken altar of Ashenzari.
  4335 | D:5      | Reached skill level 7 in Fighting
  4632 | D:6      | Reached XP level 9. HP: 62/72 MP: 9/9
  4763 | D:6      | Reached * piety under Okawaru
  5062 | D:6      | Reached skill level 8 in Fighting
  5444 | D:6      | Found a sparkling altar of Nemelex Xobeh.
  5813 | D:6      | Found a glowing golden altar of the Shining One.
  6748 | D:7      | Reached ** piety under Okawaru
  6823 | D:7      | Found a flagged portal.
  6839 | Bailey   | Entered a bailey
  7031 | Bailey   | Reached XP level 10. HP: 52/82 MP: 10/10
  7257 | Bailey   | Reached skill level 9 in Fighting
  7417 | Bailey   | Noticed an orc knight
  7417 | Bailey   | Noticed an orc knight
  7428 | Bailey   | Killed an orc knight
  7428 | Bailey   | Killed an orc knight
  7428 | Bailey   | Reached *** piety under Okawaru
  7559 | Bailey   | Got the Papyrus of Sinister Attacks
  7863 | D:7      | Found an opulent altar of Gozag.
  8445 | D:8      | Reached skill level 10 in Fighting
  8452 | D:8      | Reached skill level 10 in Armour
  8473 | D:8      | Reached **** piety under Okawaru
  8604 | D:8      | Reached skill level 5 in Shields
  8821 | D:8      | Found a staircase to the Lair.
  8971 | D:8      | Reached XP level 11. HP: 85/91 MP: 11/11
  9192 | D:8      | Reached skill level 1 in Invocations
  9324 | D:8      | Noticed Psyche
  9334 | D:8      | Killed Psyche
  9560 | D:9      | Noticed a two-headed ogre
  9571 | D:9      | Killed a two-headed ogre
  9688 | D:9      | Found a basalt altar of Yredelemnul.
  9840 | D:9      | Reached ***** piety under Okawaru
 10322 | D:9      | Noticed a death knight
 10347 | D:9      | Killed a death knight
 10348 | D:9      | Reached skill level 11 in Fighting
 10373 | D:9      | Noticed a boulder beetle
 10391 | D:9      | Killed a boulder beetle
 10940 | D:9      | Found a runed translucent gate.
 10940 | D:9      | Found a runed translucent gate.
 10941 | D:9      | Found a runed translucent gate.
 10942 | D:9      | Noticed pkoi's ghost (novice MiGl)
 10947 | D:9      | Found a viscous altar of Jiyva.
 11284 | D:9      | Noticed a seven-headed hydra
 11297 | D:9      | Killed a three-headed hydra
 11298 | D:9      | Reached skill level 1 in Axes
 11298 | D:9      | Reached skill level 5 in Invocations
 11298 | D:9      | Reached XP level 12. HP: 63/100 MP: 15/15
 11713 | D:9      | Noticed a rakshasa
 11733 | D:9      | Killed a rakshasa
 11733 | D:9      | Identified the +7 tower shield "Xeostrao" {Drain rF+++ SInv
                  | Stlth+} (Okawaru gifted it to you on level 9 of the
                  | Dungeon)
 11733 | D:9      | Received a gift from Okawaru
 11826 | D:10     | Entered Level 10 of the Dungeon
 11971 | D:10     | Found a staircase to the Orcish Mines.
 12330 | D:10     | Found an ornate altar of the Wu Jian Council.
 12972 | D:11     | Found a gate leading to a gauntlet.
 12982 | Gauntlet | Entered a Gauntlet
 12982 | Gauntlet | Found a transporter.
 12982 | Gauntlet | Found a transporter.
 12986 | Gauntlet | Found a transporter.
 12986 | Gauntlet | Found a transporter.
 12992 | Gauntlet | Noticed a death drake
 13001 | Gauntlet | Found a transporter.
 13019 | Gauntlet | Found a transporter.
 13024 | Gauntlet | Found a transporter.
 13029 | Gauntlet | Noticed an orb spider
 13029 | Gauntlet | a floating eye changed into an orb spider
 13035 | Gauntlet | an orb spider changed into a swamp worm
 13036 | Gauntlet | Found a transporter.
 13040 | Gauntlet | Noticed a thrashing horror
 13041 | Gauntlet | Found a transporter.
 13043 | Gauntlet | Noticed a death drake
 13043 | Gauntlet | a torpor snail changed into a death drake
 13045 | Gauntlet | a death drake changed into an elephant
 13100 | Gauntlet | Found a transporter.
 13146 | Gauntlet | Found a transporter.
 13155 | Gauntlet | Noticed a catoblepas
 13166 | Gauntlet | Found a transporter.
 13183 | Gauntlet | Found a transporter.
 13345 | Gauntlet | Found a transporter.
 13474 | Gauntlet | Noticed a five-headed hydra
 13518 | Gauntlet | Killed a death drake
 13684 | Gauntlet | Noticed an iron troll
 13686 | Gauntlet | Identified the +3 chain mail of Nuly {rPois}
 13698 | Gauntlet | Noticed a fenstrider witch
 13698 | Gauntlet | an iron troll changed into a fenstrider witch
 13703 | Gauntlet | Noticed a quicksilver dragon
 13703 | Gauntlet | a fenstrider witch changed into a quicksilver dragon
 13705 | Gauntlet | Found a transporter.
 13708 | Gauntlet | Noticed a sphinx
 13708 | Gauntlet | a quicksilver dragon changed into a sphinx
 13716 | Gauntlet | Noticed a quicksilver dragon
 13716 | Gauntlet | a sphinx changed into a quicksilver dragon
 13717 | Gauntlet | Found a transporter.
 13717 | Gauntlet | Noticed a sphinx
 13717 | Gauntlet | a quicksilver dragon changed into a sphinx
 13718 | Gauntlet | Noticed an iron troll
 13718 | Gauntlet | a sphinx changed into an iron troll
 13722 | Gauntlet | Noticed a golden dragon
 13722 | Gauntlet | an iron troll changed into a golden dragon
 13730 | Gauntlet | Noticed an iron dragon
 13732 | Gauntlet | Identified the ring of the Stallion {Fire rPois rN+ rCorr
                  | Str-5}
 13732 | Gauntlet | Noticed a shadow dragon
 13737 | Gauntlet | Noticed a golden dragon
 13737 | Gauntlet | a shadow dragon changed into a golden dragon
 13751 | Gauntlet | Noticed a shadow dragon
 13751 | Gauntlet | a golden dragon changed into a shadow dragon
 13755 | Gauntlet | Reached skill level 12 in Fighting
 13759 | Gauntlet | Noticed a quicksilver dragon
 13759 | Gauntlet | a shadow dragon changed into a quicksilver dragon
 13763 | Gauntlet | Noticed an eleionoma
 13763 | Gauntlet | a quicksilver dragon changed into an eleionoma
 13765 | Gauntlet | Killed an eleionoma
 13879 | Gauntlet | Noticed a minotaur
 13898 | Gauntlet | Killed a minotaur
 13915 | Gauntlet | Identified the +2 robe of the Shrike {*Slow Str+2 Dex+5}
 14151 | D:11     | Noticed a tengu warrior
 14156 | D:11     | Reached XP level 13. HP: 108/108 MP: 15/18
 14235 | D:11     | Received a gift from Okawaru
 14341 | D:11     | You fall into a shaft and drop 2 floors!
 14371 | D:13     | Found a hide-covered altar of Uskayaw.
 14386 | D:13     | Reached skill level 5 in Axes
 14420 | D:13     | Noticed a centaur warrior
 14431 | D:13     | Killed a centaur warrior
 14615 | D:12     | Reached skill level 10 in Shields
 14715 | D:12     | Found a transporter.
 14718 | D:12     | Noticed Strat's ghost (journeyman DDFi)
 14833 | D:12     | Noticed a boulder beetle
 14854 | D:12     | Found a transporter.
 14883 | D:12     | Received a gift from Okawaru
 14896 | D:12     | Killed a boulder beetle
 15089 | D:12     | Noticed Frances
 15104 | D:12     | Killed Frances
 15104 | D:12     | Reached ****** piety under Okawaru
 15105 | D:12     | Reached skill level 1 in Throwing
 15247 | D:11     | Reached skill level 13 in Fighting
 15262 | D:11     | Received a gift from Okawaru
 15366 | Lair:1   | Entered Level 1 of the Lair of Beasts
 16260 | Lair:2   | Reached XP level 14. HP: 103/118 MP: 20/20
 16534 | Lair:2   | Received a gift from Okawaru
 17008 | Lair:2   | Found a staircase to the Shoals.
 17278 | Lair:2   | Found a staircase to the Snake Pit.
 17851 | Lair:3   | Reached skill level 10 in Maces & Flails
 18069 | Lair:3   | Noticed Rupert
 18100 | Lair:3   | Killed Rupert
 18100 | Lair:3   | Received a gift from Okawaru
 18935 | Lair:4   | Reached skill level 5 in Throwing
 19101 | Lair:4   | Noticed Josephine
 19121 | Lair:4   | Killed Josephine
 19122 | Lair:4   | Reached skill level 14 in Fighting
 19137 | Lair:4   | Reached skill level 1 in Evocations
 19589 | Lair:5   | Reached XP level 15. HP: 126/126 MP: 21/21
 19661 | Lair:5   | Found a staircase to the Slime Pits.
 20511 | Lair:6   | Entered Level 6 of the Lair of Beasts
 20512 | Lair:6   | Noticed Urug
 20515 | Lair:6   | Received a gift from Okawaru
 20522 | Lair:6   | Killed Urug
 21029 | Lair:6   | Found an opulent altar of Gozag.
 21145 | Lair:6   | Noticed a quicksilver ooze
 21165 | Lair:6   | Killed a quicksilver ooze
 21739 | Lair:6   | Received a gift from Okawaru
 21875 | Lair:6   | Received a gift from Okawaru
 22272 | Arena    | Entered the Arena
 22420 | Lair:6   | Reached skill level 5 in Evocations
 22424 | Lair:6   | Received a gift from Okawaru
 23285 | Orc:1    | Entered Level 1 of the Orcish Mines
 23396 | Orc:1    | Reached XP level 16. HP: 134/134 MP: 22/22
 23571 | Orc:2    | Entered Level 2 of the Orcish Mines
 23571 | Orc:2    | Found a staircase to the Elven Halls.
 23592 | Orc:2    | Reached skill level 15 in Fighting
 23592 | Orc:2    | Reached skill level 15 in Armour
 23979 | Arena    | Entered the Arena
 25039 | Orc:2    | Found Zathinut's General Store.
 25040 | Orc:2    | Found Gilyrolao's Book Emporium.
 25042 | Orc:2    | Found Bunab's Antique Armour Emporium.
 25042 | Orc:2    | Found Vuusk's Antique Weapon Shoppe.
 25060 | Orc:2    | Bought a pair of smoking gloves for 218 gold pieces
 25060 | Orc:2    | Identified the +1 pair of gloves of the Jackalope {rElec
                  | rF- rC+} (You bought it in a shop on level 2 of the Orcish
                  | Mines)
 25086 | Orc:2    | Bought a scroll of fear for 59 gold pieces
 25086 | Orc:2    | Bought a potion of curing for 51 gold pieces
 25859 | D:13     | Received a gift from Okawaru
 25912 | D:13     | Found a gate to the Vaults.
 27048 | D:14     | Found the +3 pair of seven-league boots {Rampage+∞}
 27072 | D:14     | Received a gift from Okawaru
 27088 | D:14     | Reached skill level 10 in Invocations
 27497 | D:14     | Reached XP level 17. HP: 141/143 MP: 24/24
 27711 | D:15     | Entered Level 15 of the Dungeon
 27937 | D:15     | Found a shadowy altar of Dithmenos.
 28696 | D:15     | Found a staircase to the Depths.
 29297 | Shoals:1 | Entered Level 1 of the Shoals
 29553 | Shoals:1 | Reached skill level 16 in Fighting
 29990 | Shoals:1 | Got Conayron's Grimoire of Ashen Confrontation
 30325 | D:9      | Identified the +1 ring mail of Dramatic Exits {rF+ Int+4}
                  | (Okawaru gifted it to you on level 9 of the Dungeon)
 30325 | D:9      | Received a gift from Okawaru
 30335 | D:9      | Killed pkoi's ghost
 30468 | D:12     | Killed Strat's ghost
 30469 | D:12     | Reached skill level 15 in Shields
 31017 | Snake:1  | Entered Level 1 of the Snake Pit
 31309 | Snake:1  | Found Rusochea's Antique Weapon Shoppe.
 33001 | Snake:2  | Identified the +4 cloak of Impermeability {Rampage +Blink
                  | rC- Dex+2} (Okawaru gifted it to you on level 2 of the
                  | Snake Pit)
 33001 | Snake:2  | Received a gift from Okawaru
 33379 | Snake:2  | Found Ose Bae's Armour Shop.
 33423 | Snake:2  | Reached XP level 18. HP: 142/153 MP: 24/27
 33761 | Snake:2  | Reached skill level 17 in Fighting
 34171 | Snake:3  | Found Qeojergheir's General Store.
 34175 | Snake:3  | Found Imupn's Antique Armour Shoppe.
 36171 | Snake:4  | Entered Level 4 of the Snake Pit
 36282 | Snake:4  | Found Gichuema's Book Shop.
 36283 | Snake:4  | Found Zogogak's Jewellery Emporium.
 36284 | Snake:4  | Found Cuiloc's Book Shop.
 36473 | Snake:4  | Identified the ring "Beullo" {Str+6 SInv}
 36558 | Snake:4  | Reached skill level 18 in Fighting
 36895 | Snake:4  | Reached skill level 15 in Maces & Flails
 37067 | Snake:4  | Reached XP level 19. HP: 163/163 MP: 29/29
 37124 | Snake:4  | Got a serpentine rune of Zot
 37135 | Snake:4  | Received a gift from Okawaru
 37569 | Snake:4  | Identified the +8 hunting sling of Virtue {flame, Fly
                  | Str+3}
 38147 | Elf:1    | Entered Level 1 of the Elven Halls
 38509 | Elf:1    | Reached skill level 15 in Invocations
 38567 | Elf:1    | Received a gift from Okawaru
 38653 | Elf:1    | Got Sif Muna's Tome of Supportive Confrontation
 39055 | Elf:1    | Cast into level 2 of the Abyss (a deep elf sorcerer)
 39638 | Abyss:2  | Found a corrupted altar of Lugonu.
 39660 | Elf:1    | Escaped the Abyss
 39964 | Elf:1    | Identified the +1 animal skin of Letrux {+Inv Str+4 Dex+3}
                  | (Okawaru gifted it to you on level 1 of the Elven Halls)
 39964 | Elf:1    | Received a gift from Okawaru
 39965 | Elf:1    | Reached skill level 1 in Dodging
 40034 | Elf:1    | Identified the +1 helmet of Generosity {rF+ Will+ Regen+}
 40718 | Arena    | Entered the Arena
 41378 | Elf:2    | Found a runed translucent gate.
 41390 | Elf:2    | Found a runed translucent gate.
 41390 | Elf:2    | Found a runed translucent gate.
 41415 | Elf:2    | Reached skill level 19 in Fighting
 41989 | Elf:2    | Reached XP level 20. HP: 174/174 MP: 31/31
 42546 | Elf:3    | Entered Level 3 of the Elven Halls
 43065 | Elf:3    | Reached skill level 5 in Dodging
 43092 | Elf:3    | Identified the +0 tower shield of Parlour Games {Str+7}
                  | (Okawaru gifted it to you on level 3 of the Elven Halls)
 43092 | Elf:3    | Received a gift from Okawaru
 43543 | Elf:3    | Identified the +2 trident of Hatred {drain, rF+ Str+3}
 43543 | Elf:3    | Identified the +3 leather armour of Protective Custody
                  | {rN++ Dex-2}
 43558 | Elf:3    | Noticed an Ice Fiend
 43562 | Elf:3    | Reached skill level 10 in Axes
 44035 | Elf:3    | Identified the ring "Seixeif" {Ice rCorr}
 44361 | Elf:3    | Got Asajevul's Papyrus of the Frostbite
 44363 | Elf:3    | Identified the +3 hunting sling of the Enchanted Forest
                  | {venom, rElec}
 44367 | Elf:3    | Got Wuludixt's Guide on the Entrancing Glacier
 44370 | Elf:3    | Identified the +3 trident "Rec Jivanesa" {vorpal, rC+ Str+5
                  | SInv}
 44372 | Elf:3    | Identified the +3 trident "Nydghaa Paif" {drain, rPois
                  | Str+3}
 44390 | Elf:3    | Identified the +4 chain mail of Oqomi {rCorr}
 45070 | Elf:3    | Got the Papyrus of Unholy Arts
 45329 | Vaults:1 | Entered Level 1 of the Vaults
 45508 | Vaults:1 | Found a flickering gateway to a bazaar.
 45515 | Bazaar   | Entered a bazaar
 45515 | Bazaar   | Found Vaxuf's Assorted Antiques.
 45515 | Bazaar   | Found Beuwn's Armour Emporium.
 45515 | Bazaar   | Found Vothaqeu's Book Shoppe.
 45536 | Bazaar   | Bought a scroll of enchant armour for 232 gold pieces
 45548 | Bazaar   | Bought a wand of flame (9) for 31 gold pieces
 45618 | Vaults:1 | Reached XP level 21. HP: 182/182 MP: 32/32
 45838 | Vaults:1 | Reached skill level 20 in Fighting
 46550 | Vaults:1 | Identified the +3 chain mail of Starshine {rPois rC+ Str+3}
                  | (Okawaru gifted it to you on level 1 of the Vaults)
 46550 | Vaults:1 | Received a gift from Okawaru
 46878 | Vaults:2 | Noticed Sojobo
 46878 | Vaults:2 | Noticed Xtahua
 47254 | Vaults:2 | Found a gateway to a bazaar.
 47266 | Bazaar   | Entered a bazaar
 47268 | Bazaar   | Found Aluymu's Antique Armour Boutique.
 47272 | Bazaar   | Found Faxtead's Armour Boutique.
 47272 | Bazaar   | Found Waqopus's Weapon Boutique.
 47272 | Bazaar   | Found Jenisen's Weapon Boutique.
 47304 | Bazaar   | Bought a translucent plate armour for 700 gold pieces
 47304 | Bazaar   | Identified the +5 plate armour of Zuge Xoo {Str+5} (You
                  | bought it in a shop in a bazaar)
 47579 | Arena    | Entered the Arena
 47586 | Arena    | Killed Xtahua
 48018 | Vaults:2 | Found a staircase to the Crypt.
 48337 | Vaults:2 | Identified the +3 mace "Xanuedi" {vorpal, rPois Stlth+}
 48393 | Vaults:2 | Identified the +0 quarterstaff "Pec Witz" {antimagic, Fly
                  | Int+4 Dex-5} (Okawaru gifted it to you on level 2 of the
                  | Vaults)
 48393 | Vaults:2 | Received a gift from Okawaru
 48394 | Arena    | Entered the Arena
 48425 | Arena    | Killed Sojobo
 49058 | Vaults:3 | Reached XP level 22. HP: 184/192 MP: 31/33
 49250 | Vaults:3 | Found Yheestre's Armour Shop.
 49507 | Vaults:3 | Received a gift from Okawaru
 49508 | Vaults:3 | Reached skill level 21 in Fighting
 49798 | Vaults:3 | Received a gift from Okawaru
 50014 | Vaults:3 | Received a gift from Okawaru
 50450 | Vaults:4 | Cast into level 3 of the Abyss (tengu reaver)
 50515 | Vaults:4 | Escaped the Abyss
 51474 | Vaults:4 | Found a runed translucent door.
 51474 | Vaults:4 | Found a shimmering altar of Xom.
 51474 | Vaults:4 | Noticed TPoD's ghost (adept HOMo)
 51576 | Vaults:4 | Killed TPoD's ghost
 51583 | Vaults:4 | Reached skill level 10 in Dodging
 51586 | Vaults:4 | Identified the +11 flail of Poagratyu {speed, rCorr}
 52451 | Depths:1 | Entered Level 1 of the Depths
 52550 | Depths:1 | Found a basalt altar of Yredelemnul.
 52853 | Depths:1 | Reached XP level 23. HP: 200/200 MP: 34/34
 52879 | Depths:1 | You fall into a shaft and drop 1 floor!
 52918 | Depths:2 | Noticed the Enchantress
 52923 | Arena    | Entered the Arena
 52971 | Arena    | Killed the Enchantress
 53408 | Depths:2 | Found a one-way gate to the infinite horrors of the Abyss.
 53881 | Depths:2 | Noticed a juggernaut
 53899 | Depths:2 | Received a gift from Okawaru
 53901 | Depths:2 | Killed a juggernaut
 53936 | Depths:2 | Noticed a juggernaut
 54312 | Depths:2 | Killed a juggernaut
 54315 | Depths:2 | Got the Reference Book on Warped Attacks
 54324 | Depths:2 | Identified the +4 glaive "Weucw" {antimagic, Stlth+}
 54776 | Depths:2 | Found a gateway to Hell.
 55101 | Depths:2 | Gained mutation: You occasionally shout uncontrollably at
                  | your foes. [a neqoxec]
 55153 | Depths:2 | Found a one-way gate leading to the halls of Pandemonium.
 55607 | Depths:3 | Found a blossoming altar of Fedhas.
 55665 | Depths:3 | Found a one-way gateway to a ziggurat.
 56281 | Depths:3 | Found the +9 heavy crossbow "Sniper" {vorpal, Acc+∞ SInv}
 56366 | Depths:3 | Reached skill level 10 in Evocations
 56447 | Depths:3 | Reached skill level 1 in Crossbows
 56560 | Depths:3 | Noticed a golden dragon
 56560 | Depths:3 | Noticed a golden dragon
 56596 | Arena    | Entered the Arena
 56603 | Arena    | Received a gift from Okawaru
 56621 | Depths:3 | Killed a golden dragon
 56623 | Depths:3 | Killed a golden dragon
 57104 | Depths:3 | Noticed a golden dragon
 57104 | Depths:3 | Noticed a golden dragon
 57121 | Depths:3 | Killed a golden dragon
 57123 | Depths:3 | Killed a golden dragon
 57124 | Depths:3 | Reached XP level 24. HP: 144/208 MP: 34/34
 57505 | Depths:3 | Received a gift from Okawaru
 57618 | Depths:3 | Identified the +6 scale mail of Zolol {Rampage *Slow +Inv
                  | Int+4} (Okawaru gifted it to you on level 3 of the Depths)
 57618 | Depths:3 | Received a gift from Okawaru
 57732 | Depths:4 | Entered Level 4 of the Depths
 57825 | Depths:4 | Reached skill level 5 in Crossbows
 57862 | Depths:4 | Noticed a golden dragon
 57873 | Arena    | Entered the Arena
 57885 | Arena    | Killed a golden dragon
 58276 | Depths:4 | Gained mutation: You are frail. (-10% HP) [a shining eye]
 58595 | Depths:4 | Found a gate to the Realm of Zot.
 58753 | Depths:4 | Reached skill level 15 in Axes
 58935 | Depths:4 | Identified the ring of Ziczus {rC+ rN+}
 59593 | Hell     | Entered the Vestibule of Hell
 59596 | Hell     | Noticed Geryon
 60123 | Shoals:1 | Found Bisul's General Store.
 61157 | Shoals:3 | Received a gift from Okawaru
 62009 | Shoals:3 | Found Qootetad's Weapon Shop.
 62016 | Shoals:3 | Noticed Ilsuiw
 62034 | Shoals:3 | Killed Ilsuiw
 62265 | Shoals:3 | Received a gift from Okawaru
 62266 | Shoals:3 | Reached XP level 25. HP: 192/192 MP: 34/34
 62542 | Shoals:4 | Entered Level 4 of the Shoals
 62612 | Shoals:4 | Reached skill level 1 in Stealth
 62927 | Shoals:4 | Identified the +5 trident "Dealuv" {flame, rElec rPois
                  | Int-5}
 62928 | Shoals:4 | Identified the +7 hand axe "Murmur" {vorpal, rPois}
 62970 | Shoals:4 | Got a barnacled rune of Zot
 63980 | Snake:3  | Bought a scroll of enchant weapon for 142 gold pieces
 64781 | Hell     | Reached skill level 10 in Crossbows
 65281 | Hell     | Killed Geryon
 65390 | Hell     | Found a gateway to the decaying netherworld of Tartarus.
 65405 | Hell     | Reached skill level 5 in Stealth
 65824 | Hell     | Received a gift from Okawaru
 66279 | Hell     | Found a gateway to the Iron City of Dis.
 66315 | Hell     | Found a gateway to the freezing wastes of Cocytus.
 66452 | Hell     | Found a gateway to the ashen valley of Gehenna.
 66802 | Slime:1  | Entered Level 1 of the Pits of Slime
 66814 | Slime:1  | Received a gift from Okawaru
 68187 | Slime:4  | Gained mutation: You are weak. (Str -2) [a shining eye]
 68217 | Slime:5  | Entered Level 5 of the Pits of Slime
 68255 | Slime:5  | Received a gift from Okawaru
 68296 | Slime:5  | Reached XP level 26. HP: 148/201 MP: 34/34
 68651 | Slime:4  | Gained mutation: You are dopey. (Int -2) [a shining eye]
 68653 | Slime:4  | Gained mutation: You are very weak. (Str -4) [a shining
                  | eye]
 68654 | Slime:4  | Gained mutation: You are very frail. (-20% HP) [a shining
                  | eye]
 68878 | Slime:5  | Received a gift from Okawaru
 69005 | Slime:5  | Noticed the Royal Jelly
 69015 | Arena    | Entered the Arena
 69018 | Arena    | Killed the Royal Jelly
 69309 | Slime:5  | Got a slimy rune of Zot
 69313 | Slime:5  | Identified the +13 crystal plate armour of Ufiopoz {Int+4}
 69332 | Slime:5  | Identified the ring "Destrouff" {*Corrode +Blink rPois
                  | Int+6}
 69356 | Slime:5  | Identified the +3 falchion "Asulloet" {freeze, Drain Fly
                  | rF+ Dex+9}
 69400 | Slime:5  | Gained mutation: Armour fits poorly on your strangely
                  | shaped body. [a shining eye]
 69402 | Slime:5  | Lost mutation: You are very weak. (Str -4) [a shining eye]
 69403 | Slime:5  | Gained mutation: You sometimes lose the ability to read
                  | scrolls when taking damage. [a shining eye]
 69404 | Slime:5  | Gained mutation: You frequently scream uncontrollably at
                  | your foes. [a shining eye]
 69426 | Slime:5  | Identified the +2 pair of boots of Lifelessness {Str+2}
 69434 | Slime:5  | Got the Tome of the Aged Spirits
 69456 | Slime:5  | Identified the +10 plate armour of Meager Salvation {rC+
                  | Will++ Dex-4 SInv}
 70172 | Temple   | Fell from the grace of Okawaru
 70172 | Temple   | Became a worshipper of Zin the Law-Giver
 70172 | Temple   | Reached * piety under Zin
 70172 | Temple   | Reached ** piety under Zin
 70173 | Temple   | Donated 1846 gold pieces to Zin
 70204 | Temple   | Reached *** piety under Zin
 70372 | D:13     | Reached **** piety under Zin
 70454 | Crypt:1  | Entered Level 1 of the Crypt
 70473 | Crypt:1  | Reached ***** piety under Zin
 70644 | Crypt:1  | Reached skill level 22 in Fighting
 71076 | Crypt:1  | Reached skill level 10 in Stealth
 71547 | Crypt:1  | Reached ****** piety under Zin
 71811 | Crypt:1  | Lost mutation: You frequently scream uncontrollably at your
                  | foes. [potion of mutation]
 71811 | Crypt:1  | Lost mutation: You are weak. (Str -2) [potion of mutation]
 71812 | Crypt:1  | Lost mutation: You are very frail. (-20% HP) [potion of
                  | mutation]
 71812 | Crypt:1  | Lost mutation: Armour fits poorly on your strangely shaped
                  | body. [potion of mutation]
 71812 | Crypt:1  | Lost mutation: You are dopey. (Int -2) [potion of mutation]
 71813 | Crypt:1  | Lost mutation: You sometimes lose the ability to read
                  | scrolls when taking damage. [potion of mutation]
 71813 | Crypt:1  | Lost mutation: You are frail. (-10% HP) [potion of
                  | mutation]
 71814 | Crypt:1  | Lost mutation: You occasionally shout uncontrollably at
                  | your foes. [potion of mutation]
 72120 | Zot:1    | Entered Level 1 of the Realm of Zot
 72138 | Zot:1    | Learned a level 2 spell: Passwall
 72142 | Zot:1    | Learned a level 3 spell: Portal Projectile
 72268 | Zot:1    | Reached skill level 1 in Hexes
 72268 | Zot:1    | Reached skill level 1 in Earth Magic
 73679 | Zot:1    | You fall into a shaft and drop 1 floor!
 73727 | Zot:2    | Noticed a curse toe
 73761 | Zot:2    | Killed a curse toe
 73762 | Zot:2    | Reached XP level 27. HP: 19/231 MP: 34/34
 74341 | Zot:1    | Noticed a dread lich
 74343 | Zot:1    | Noticed a dread lich
 74350 | Zot:1    | Killed a dread lich
 74357 | Zot:1    | Killed a dread lich
 74362 | Zot:1    | Reached skill level 5 in Earth Magic
 74366 | Zot:1    | Reached skill level 5 in Hexes
 74714 | Zot:1    | Identified the ring "Okiyf" {rF+ rC++ rCorr Str+3 Int-2}
 75004 | Zot:2    | Killed from afar by a purple draconian

Illustrated notes

Levels and vault maps discovered:
D:1:      denvon_arrival_planthouse, layout_loops_ring
D:2:      layout_loops_cross, serial_shops, nicolae_shop_crystal, shop,
          nicolae_shop_hallway_plus
D:3:      layout_basic, hangedman_decor_push, uniq_grinder
D:4:      layout_basic, gup_sewer_entry_glass, minmay_between
D:5:      layout_rooms, ashenzari_conservatory_becter,
          minmay_temple_entry_statues_fountains, minmay_misc_feat_ornament
D:6:      old_forge, layout_layer_cave, lemuel_tele_altar, kennysheep_mini
D:7:      layout_loops_ring, lemuel_crystal_altar, enter_bailey_3,
          lightli_orcish_oven
D:8:      kb_forest_paths, layout_cave_pools, dpeg_oklobed_lair, nrook_uturn,
          uniq_psyche
D:9:      minmay_slanted_spiral_squares, layout_long_grid,
          mainiacjoe_overflow_brackets, gammafunk_ghost_ooze, st_stairs_9,
          chequers_big_river, dk_rats_in_the_wall
D:10:     layout_stronghold, nzn_wu_jian_council_hall, hiddenorc2_lemuel
D:11:     cheibrodos_orc_bank, layout_irregular_city, gauntlet_entry_generic,
          chequers_serial_rivers_micro_b
D:12:     layout_rooms, gammafunk_ghost_mausoleum, uniq_frances
D:13:     layout_long_grid, david_vaults_5, kennysheep_flooded_box
D:14:     layout_big_octagon, kennysheep_doodads
D:15:     hangedman_depths_entry_try_elsewhere_first, layout_stronghold,
          grunt_dithmenos_shadows
Temple:   minmay_temple_bridge_d
Lair:1:   layout_gridlike, infiniplex_staircase_pool_2
Lair:2:   layout_roguey, minmay_shoals_entry_hut, guppyfry_snake_entry_garden,
          serial_bayou_shore_a, lemuel_fruit_tree, grunt_megastairs_3
Lair:3:   layout_regular_city, nicolae_quartered_pool_medium, st_stairs_4,
          minivault_26, uniq_rupert
Lair:4:   layout_long_grid, bh_autumn_forest_stairs, minivault_11,
          grunt_megastairs_5, uniq_josephine
Lair:5:   layout_cave_pods, nicolae_slime_entry_slimehenge
Lair:6:   due_jungle_book, layout_cave_pods, basic_altar, st_stairs_7,
          nicolae_lair_time_for_slime, uniq_urug
Shoals:1: layout_shoals, nicolae_take_the_stairs
Shoals:2: layout_shoals, nicolae_shoals_mertower
Shoals:3: layout_shoals, serial_shops, nicolae_shop_statue_plus, uniq_ilsuiw
Shoals:4: shoals_end_hellmonk_lost_city
Snake:1:  layout_basic, serial_shops, shop, grunt_megastairs_1
Snake:2:  layout_chambers, serial_shops, shop_coins, special_room
Snake:3:  layout_chambers, hangedman_venom_bottle, minmay_shop_star
Snake:4:  snake_pit, layout_cave_town, minmay_shop_grove
Slime:1:  layout_caves
Slime:2:  layout_caves, nicolae_slime_barrier
Slime:3:  layout_caves
Slime:4:  layout_caves
Slime:5
Orc:1:    layout_caves, basic_altar
Orc:2:    st_orc_congregation, layout_caves
Elf:1:    nicolae_elf_arrival_no_cutting_in_line, layout_geoelf_grid,
          minmay_elf_sorcery, minmay_checkered_concentric_circles
Elf:2:    nicolae_elf_blades_crystal_corner, layout_geoelf_octagon
Elf:3:    minmay_elf_hall_four_x, layout_gridlike,
          amcnicky_mini_corridor_feature, st_stairs_14, minmay_elf_necromancy
Vaults:1: v_misc_10, v_misc_23, hangedman_vaults_capsules, vaults_mumra_chevron,
          v_rooms_5, hangedman_vaults_maws, vaults_room_hangedman_quadrants,
          vaults_dpeg_spiral, v_alt_pattern_3, nicolae_vaults_yaktaur_gun_rack,
          v_misc_22, hangedman_vaults_trim, layout_vaults_maze_snakey,
          serial_glass, serial_shops, bzr_entry_road
Vaults:2: nicolae_vaults_network_quinsquares
          [nicolae_vaults_network_quincunx_subvault,
          nicolae_vaults_network_quincunx_subvault,
          nicolae_vaults_network_quincunx_subvault,
          nicolae_vaults_network_quincunx_subvault], vaults_mumra_minichess,
          vaults_room_boxed, minmay_crypt_entry_simple_plaza,
          hangedman_vaults_corner_blocks, v_misc_29,
          nicolae_vaults_windows_and_doors_thing, hangedman_vaults_maws,
          nicolae_vaults_ring_of_whatevers, layout_vaults_big_room,
          serial_shops, bzr_entry_customers, uniq_sojobo, uniq_xtahua
Vaults:3: nicolae_vaults_stairing_the_circle, vaults_room_glass_cross,
          nicolae_vaults_ring_of_whatevers, hangedman_vaults_river_flow,
          vaults_standard_mumra_lines, grunt_vaults_twisty,
          hangedman_vaults_stream, vaults_dpeg_cross, serial_ice_b,
          dpeg_vaults_monster_box, ontoclasm_vaults_decontamination,
          layout_vaults_omnicross, serial_shops, shop
Vaults:4: ebering_ghost_xom, grunt_vaults_hallway_long, vaults_mumra_bighexcomb,
          v_misc_27, v_misc_19, nicolae_vaults_little_squares_3,
          layout_vaults_omnigrid
Crypt:1:  layout_regular_city
Crypt:2:  layout_chaotic_city, gammafunk_ghost_crypt, hex_tiny, minivault_25,
          grunt_ministairs_7
Depths:1: layout_roguey, lemuel_coloured_pillars_altar, hell_entry,
          lemuel_zombie_altar_yredelemnul, serial_bayou_shore_b
Depths:2: minmay_nine_rooms, layout_cave_shapes, grunt_decor_mini_mirrors,
          grunt_pan_entry_sceptre, abyss_entry, hell_entry,
          hangedman_abyss_or_decor_slice, infiniplex_staircase_zigzag_3,
          uniq_enchantress
Depths:3: hangedman_arch_fort, layout_cave_pools, enter_ziggurat_a,
          hangedman_abyss_entry_splay, hell_entry, fedhas_altar_4,
          kennysheep_generic_room_2
Depths:4: grunt_zot_entry_alcove, layout_cave_pools, hell_entry,
          rand_demon_pan_entry_5, serial_sigils, serial_sigils_hangedman_gut,
          serial_sigils_hangedman_gut, serial_sigils_hangedman_stare,
          serial_sigils_hangedman_shear, serial_sigils_hangedman_scar
Hell
Zot:1:    hellmonk_paralyzer, layout_gridville, st_stairs_1
Zot:2:    lemuel_draconian_sentries_small, layout_misc_corridors

Skill      XL: |  1  2  3  4  5  6  7  8  9 10 11 12 13 14 15 16 17 18 19 20 21 22 23 24 25 26 27 |
---------------+----------------------------------------------------------------------------------+-----
Shields        | 4 5 7 9 10 12 13 14 15 | 15.3
Maces & Flails | 1 2 3 4 5 7 8 9 10 11 12 13 15 | 15.1
Fighting       | 4 5 6 7 8 10 11 12 13 14 15 16 18 19 20 21 22 | 22.2
Armour         | 4 5 6 7 8 10 11 12 13 14 15 16 17 18 19 20 | 20.1
Invocations    | 5 7 8 10 12 14 15 | 15.2
Axes           | 1 4 6 8 10 12 13 14 15 16 17 18 | 18.4
Throwing       | 2 5 |  5.0
Evocations     | 1 5 6 8 10 11 12 | 12.0
Dodging        | 3 6 8 10 11 12 | 12.8
Crossbows      | 3 8 11 12 13 | 13.2
Stealth        | 7 10 | 10.2
Hexes          | 4 5 |  5.6
Earth Magic    | 4 5 |  5.7
Staves         | |  2.3

Action                   |  1- 3 |  4- 6 |  7- 9 | 10-12 | 13-15 | 16-18 | 19-21 | 22-24 | 25-27 || total
-------------------------+-------+-------+-------+-------+-------+-------+-------+-------+-------++-------
Melee: Quarterstaff      |    40 |       |       |       |       |       |       |       |       ||    40
       Mace              |    21 |    96 |   351 |   478 |       |       |       |       |       ||   946
       Trident           |       |       |       |    35 |       |       |       |       |       ||    35
       Broad axe         |       |       |       |   268 |    58 |   318 |   826 |     3 |       ||  1473
       Great mace        |       |       |       |       |  1130 |  1442 |   191 |       |       ||  2763
       Battleaxe         |       |       |       |       |    34 |       |   548 |  1677 |   322 ||  2581
       Executioner's axe |       |       |       |       |       |       |       |       |   758 ||   758
 Fire: Heavy crossbow    |       |       |       |       |       |       |       |       |     2 ||     2
Throw: Dart              |       |     2 |       |    31 |     2 |     2 |       |       |       ||    37
       Javelin           |       |       |       |       |     1 |     4 |       |       |       ||     5
Invok: Heroism           |       |       |     1 |    15 |     6 |    19 |    32 |    32 |    10 ||   115
       Finesse           |       |       |       |     1 |     2 |     2 |     5 |     8 |     3 ||    21
       Duel              |       |       |       |       |     1 |     1 |     3 |     3 |     1 ||     9
       Recite            |       |       |       |       |       |       |       |       |     8 ||     8
       Vitalisation      |       |       |       |       |       |       |       |       |     2 ||     2
       Donate Gold       |       |       |       |       |       |       |       |       |     1 ||     1
 Abil: Dig               |       |       |     6 |     4 |     2 |    10 |     7 |     8 |     3 ||    40
Evoke: Wand              |       |       |     3 |    10 |     6 |     3 |     2 |     7 |     3 ||    34
       Condenser vane    |       |       |       |       |     1 |     2 |     2 |     3 |     2 ||    10
       Lightning rod     |       |       |       |       |       |     5 |     1 |     1 |       ||     7
       Tin of tremorston |       |       |       |       |       |       |       |       |     1 ||     1
  Use: Scroll            |       |     5 |    13 |     4 |     6 |     3 |     1 |       |    16 ||    48
       Potion            |       |     1 |       |       |     2 |     4 |     2 |     5 |    10 ||    24
 Stab: Distracted        |       |       |     1 |       |       |       |       |       |       ||     1
       Held in net/web   |       |       |       |       |       |     1 |       |     1 |     1 ||     3
       Petrified         |       |       |       |       |       |     1 |       |       |       ||     1
       Sleeping          |       |       |       |       |       |       |       |     3 |       ||     3
       Confused          |       |       |       |       |       |       |       |       |     6 ||     6
Armor: Scale mail        |    27 |    20 |    32 |       |       |       |       |       |       ||    79
       Troll leather arm |       |       |    39 |       |       |       |       |       |       ||    39
       Plate armour      |       |       |    84 |   489 |   494 |   566 |   315 |   293 |    45 ||  2286
       Shadow dragon sca |       |       |       |       |       |       |    28 |    20 |       ||    48
       Gold dragon scale |       |       |       |       |       |       |       |       |   164 ||   164
       Crystal plate arm |       |       |       |       |       |       |       |       |   237 ||   237
Dodge: Dodged            |    34 |    24 |   145 |   176 |   451 |   643 |   356 |   532 |   449 ||  2810
       Repelled          |       |       |       |     1 |       |    29 |    29 |    15 |    31 ||   105
Block: Buckler           |    13 |    42 |   178 |    47 |       |       |       |       |       ||   280
       Reflection        |       |       |     2 |    27 |    34 |   144 |   120 |    71 |    62 ||   460
       Kite shield       |       |       |       |   367 |       |       |       |       |       ||   367
       Tower shield      |       |       |       |   378 |  1941 |  2811 |  1749 |  1982 |  1667 || 10528
